 Dungeon Crawl Stone Soup version 0.24-a0-462-ge24419a6ad (webtiles) character file.

Game seed: 17770507530703904925

159338 CookieEater the Geomancer (level 17, -1/104 HPs)
             Began as a Gargoyle Earth Elementalist on July 1, 2019.
             Was a High Priest of Vehumet.
             Slain by an alligator (12 damage)
             ... on level 1 of the Swamp.
             The game lasted 01:43:50 (41064 turns).

CookieEater the Geomancer (GrEE)                   Turns: 41064, Time: 01:43:50

Health: -1/104     AC: 23    Str: 12    XL:     17   Next: 74%
Magic:  12/32      EV: 19    Int: 28    God:    Vehumet [*****.]
Gold:   2761       SH:  0    Dex: 10    Spells: 10/39 levels left

rFire    + + .     SeeInvis .   W - +9 morningstar (drain)
rCold    + . .     Gourm    .   (no shield)
rNeg     + . .     Faith    .   T - +2 robe {rF+}
rPois    ∞         Spirit   .   (helmet restricted)
rElec    +         Reflect  .   z - scarf {rC+ rF+}
rCorr    .         Harm     .   q - +2 pair of gloves
MR       +....                  (no boots)
Stlth    ++........             i - amulet of magic regeneration
HPRegen  0.27/turn              L - +3 ring of protection
MPRegen  0.48/turn              u - ring "Qeararowk" {EV+3 Int+3 Slay+3}

@: flying
A: antennae 1, big wings, clever 1, negative energy resistance 1, electricity
resistance, unbreathing, petrification resistance, rot immunity, AC +12
a: Stop Flying, Renounce Religion


You were on level 1 of the Swamp.
You worshipped Vehumet.
Vehumet was extremely pleased with you.
You were not hungry.

You visited 7 branches of the dungeon, and saw 29 of its levels.
You also visited: Ice Cave.

You collected 4491 gold pieces.
You spent 1730 gold pieces at shops.

Inventory:

Hand Weapons
 c - a +3 morningstar of flaming
 Q - a +1 morningstar of protection
 W - a +9 morningstar of draining (weapon)
 X - the +10 whip "Noiss" {elec, rElec rC++ rN+ Dex-3}
   (You found it on level 6 of the Lair of Beasts)

   Occasionally, upon striking a foe, it will discharge some electrical energy
   and cause terrible harm.
   It affects your dexterity (-3).
   It greatly protects you from cold.
   It insulates you from electricity.
   It protects you from negative energy.
Missiles
 k - 26 curare-tipped darts
 s - 264 stones (quivered)
 R - 2 throwing nets
Armour
 q - a +2 pair of gloves (worn)
 w - a +2 cloak of cold resistance
 z - a scarf of resistance (worn)
 T - a +2 robe of fire resistance (worn)
Jewellery
 i - an amulet of magic regeneration (around neck)
 n - an uncursed ring of protection from fire
 u - the ring "Qeararowk" (right hand) {EV+3 Int+3 Slay+3}
   (You bought it in a shop on level 2 of the Orcish Mines)

   [ring of evasion]

   It affects your evasion (+3).
   It affects your intelligence (+3).
   It affects your accuracy and damage with ranged weapons and melee attacks
   (+3).
 I - an uncursed ring of ice
 K - an uncursed ring of see invisible
 L - a +3 ring of protection (left hand)
 M - an uncursed ring of resist corrosion
 N - an uncursed ring of wizardry
Wands
 b - a wand of flame (12)
 h - a wand of polymorph (14)
 l - a wand of acid (24)
 y - a wand of random effects (13)
 A - a wand of paralysis (30)
 V - a wand of iceblast (14)
Scrolls
 g - 15 scrolls of remove curse
 r - 3 scrolls of enchant weapon
 x - 3 scrolls of identify
 D - 6 scrolls of amnesia
 E - 2 scrolls of magic mapping
 G - 3 scrolls of fog
 O - 3 scrolls of enchant armour
 S - a scroll of holy word
 U - 3 scrolls of teleportation
Potions
 a - 5 potions of ambrosia
 e - 10 potions of curing
 f - a potion of heal wounds
 j - 3 potions of haste
 m - 4 potions of brilliance
 o - a potion of magic
 p - 2 potions of might
 v - 5 potions of lignification
 C - a potion of resistance
 F - 3 potions of mutation
 H - 2 potions of agility
 J - 2 potions of invisibility
Miscellaneous
 t - a sack of spiders
 P - a phial of floods
Comestibles
 d - 21 rations


   Skills:
 + Level 11.3 Fighting
 + Level 10.6 Maces & Flails
 - Level 6.0 Armour
 + Level 9.3 Dodging
 - Level 2.1 Stealth
 + Level 11.5 Spellcasting
 + Level 13.1 Conjurations
 - Level 0.7 Transmutations
 * Level 12.8 Fire Magic
 + Level 14.6 Earth Magic
 - Level 6.0 Evocations


You had 10 spell levels left.
You knew the following spells:

 Your Spells              Type           Power        Failure   Level  Hunger
a - Sandblast             Erth           ######       0%          1    None
b - Stone Arrow           Conj/Erth      ######       1%          3    None
c - Lee's Rapid Deconstr  Erth           #######...   1%          5    ###....
d - Fireball              Conj/Fire      ######....   1%          5    ###....
e - Orb of Destruction    Conj           ######....   3%          7    ######.
f - Bolt of Fire          Conj/Fire      ######....   1%          6    #####..
g - Passwall              Tmut/Erth      ######..     1%          2    None

Your spell library contained the following spells:

 Spells                   Type           Power        Failure   Level  Hunger
 Lehudib's Crystal Spear  Conj/Erth      #######...   19%         8    #######
 Shatter                  Erth           #######...   88%         9    #######
 Tornado                  Air            ###.......   100%        9    #######
 Dazzling Spray           Conj/Hex       ######       1%          3    None
 Petrify                  Tmut/Erth      ######..     1%          4    None
 Beastly Appendage        Tmut           ###...       2%          1    None
 Animate Skeleton         Necr           N/A          3%          1    None
 Apportation              Tloc           ###...       3%          1    None
 Confusing Touch          Hex            ###...       3%          1    None
 Corona                   Hex            ###....      3%          1    None
 Summon Small Mammal      Summ           ###.         3%          1    None
 Sticks to Snakes         Tmut           ###.....     3%          2    None
 Borgnjor's Vile Clutch   Necr/Erth      ######....   4%          5    ###....
 Blink                    Tloc           N/A          5%          2    None
 Call Imp                 Summ           ###.....     5%          2    None
 Ensorcelled Hibernation  Hex/Ice        ###...       5%          2    None
 Shroud of Golubria       Chrm/Tloc      ###...       5%          2    None
 Spider Form              Tmut/Pois      ###.......   9%          3    None
 Call Canine Familiar     Summ           ###.....     11%         3    None
 Confuse                  Hex            ###.....     11%         3    None
 Gell's Gravitas          Tloc           ###.......   11%         3    None
 Lesser Beckoning         Tloc           ###.......   11%         3    None
 Summon Guardian Golem    Hex/Summ       ###.....     11%         3    None
 Teleport Other           Tloc           ###.....     11%         3    None
 Tukima's Dance           Hex            ###.....     11%         3    None
 Ice Form                 Ice/Tmut       ###.....     28%         4    None
 Passage of Golubria      Tloc           N/A          34%         4    None
 Summon Ice Beast         Ice/Summ       ###.....     34%         4    None
 Summon Lightning Spire   Summ/Air       ###.....     34%         4    None
 Blade Hands              Tmut           ###.......   56%         5    ###....
 Silence                  Hex/Air        ###.......   67%         5    ###....
 Darkness                 Hex            ###.......   99%         6    #####..
 Shadow Creatures         Summ           N/A          99%         6    #####..


Dungeon Overview and Level Annotations

Branches:
Dungeon (15/15)            Temple (1/1) D:7            Lair (6/6) D:11
  Swamp (1/4) Lair:3        Snake (3/4) Lair:2        Slime (0/5) Lair:5
    Orc (2/2) D:9             Elf (1/3) Orc:2        Vaults (0/5) D:13
 Depths (0/5) D:15

Altars:
Ashenzari
Cheibriados
Dithmenos
Elyvilon
Fedhas
Hepliaklqana
Makhleb
Nemelex Xobeh
Okawaru
Ru
Sif Muna
Trog
Uskayaw
Vehumet
Wu Jian
Xom
Yredelemnul
Zin
The Shining One
Beogh
Lugonu

Shops:
D:7 (=   D:12 *   D:15 *   Orc:1 =   Orc:2 *==:   Snake:1 =}=

Annotations:
D:13 2 runed translucent doors, motoroller71's ghost, journeyman GnGl
Orc:2 2 runed translucent doors, exclusion: orange crystal statue


Innate Abilities, Weirdness & Mutations

You are resistant to torment.
Your stone body is resilient. (AC +12)
You are immune to poison.
Your large and strong wings let you fly indefinitely.
You resist negative energy. (rN+)
You are resistant to electric shocks. (rElec)
You can survive without breathing.
You are immune to petrification.
You are immune to rotting.
You have a pair of small antennae on your head.
Your mind is acute. (Int +2)


Message History

The wavering orb of destruction weakly hits the alligator!!
The alligator is heavily wounded.
You are engulfed in freezing vapours.
You resist.
* * * LOW HITPOINT WARNING * * *
The bog body hits you but does no damage.
The bog body touches you but does no damage.
The alligator bites you.
* * * LOW HITPOINT WARNING * * *
The alligator tail-slaps you.
* * * LOW HITPOINT WARNING * * *
The swamp worm misses you.
Casting: Orb of Destruction (slightly dangerous; 3% risk of failure)
Confirm with . or Enter, or press ? or * to list all spells.
Aiming: Orb of Destruction (slightly dangerous; 3% risk of failure)
Press: ? - help, Shift-Dir - straight line, f/p - alligator
Aim: an alligator (water, heavily wounded, covering ground quickly)
The wavering orb of destruction weakly hits the alligator!!
The alligator is severely wounded.
The alligator bites you!
You die...

≈. ♣♣♣♣♣♣≈≈♣≈
..♣♣♣♣≈....≈.....
.!..♣.≈≈≈≈.......
...≈≈.≈≈≈≈.§≈≈≈≈.
♣..♣§.≈≈≈≈≈≈≈≈≈≈
♣.≈..≈≈≈≈≈≈≈≈♣
♣....<≈≈≈≈≈♣♣
♣♣♣≈≈≈t≈).≈≈≈♣
♣..≈≈≈w@≈..≈≈♣
...≈≈..n≈≈..≈♣♣
.≈≈.≈≈≈≈...≈♣♣
.≈≈...≈≈≈.♣♣♣
..≈≈..≈≈≈.♣
...§≈≈..≈♣♣
....≈≈.≈.$
≈≈....?.≈≈


You could see an alligator, a bog body and a swamp worm.

Vanquished Creatures
  An Ice Fiend (IceCv)
  Agnes (Snake:1)
  Kirke (Snake:2)
  Roxanne (D:14)
  A nagaraja (Snake:2)
  Donald (Snake:1)
  Louise (Snake:1)
  A minotaur (shapeshifter) (D:13)
  6 dire elephants (Lair:6)
  2 ettins
  Josephine (D:14)
  8 hydras
  4 vault guards (D:13)
  2 ice dragons
  7 naga warriors
  A great orb of eyes (D:13)
  A catoblepas (Lair:5)
  An anaconda (shapeshifter) (D:13)
  7 centaur warriors
  3 ogre magi
  A death knight (D:15)
  5 death yaks (Lair:4)
  6 anacondas
  13 two-headed ogres
  Urug (D:12)
  3 naga sharpshooters
  2 shock serpents
  A tengu warrior (D:13)
  An orc high priest (Orc:2)
  Nergalle (D:12)
  A fire crab (D:13)
  5 skeletal warriors
  2 wizards (D:13)
  2 deep trolls (Orc:2)
  3 unseen horrors
  2 orc knights
  3 naga ritualists
  A wolf spider zombie (D:12)
  6 mana vipers
  3 phantasmal warriors (D:15)
  6 cyclopes
  5 deep elf magi
  2 orc sorcerers (D:15)
  9 ugly things
  2 ice statues
  3 salamanders
  4 oklob plants (Lair:1)
  A manticore (D:13)
  Maurice (D:11)
  14 black mambas
  8 elephants
  7 naga magi
  3 guardian serpents
  2 torpor snails
  10 spiny frogs
  4 gargoyles
  A rime drake (Lair:1)
  A yaktaur (D:13)
  5 freezing wraiths
  An efreet (D:14)
  6 ice devils (IceCv)
  2 komodo dragons
  4 kobold demonologists (D:11)
  2 tengu conjurers
  2 anaconda simulacra (IceCv)
  13 trolls
  A polar bear (Lair:2)
  6 meliai
  A troll (shapeshifter) (D:14)
  3 slime creatures
  A hornet (D:14)
  17 blink frogs
  6 hippogriffs
  28 yaks
  2 vampires
  3 wyverns
  3 shadows
  2 dire elephant simulacra (IceCv)
  3 hogs (Snake:2)
  8 wraiths
  7 basilisks
  5 hungry ghosts
  A steam dragon (D:11)
  A vampire mosquito (D:13)
  Edmund (D:5)
  5 wargs
  7 harpy simulacra (IceCv)
  5 acid dragons
  An iron troll simulacrum (IceCv)
  23 nagas
  A soldier ant (D:14)
  6 hydra simulacra (IceCv)
  12 porcupines
  A swamp drake (Lair:3)
  8 ice beasts
  15 water moccasins
  7 sky beasts
  35 orc warriors
  26 ogres
  2 black bears
  A hornet zombie (D:15)
  2 necrophages (D:13)
  2 eyes of draining (D:13)
  21 centaurs
  30 wolves
  An ettin simulacrum (IceCv)
  16 crocodiles
  8 big kobolds
  21 bullfrogs
  4 scorpions
  6 killer bees (D:9)
  8 wights
  An elephant simulacrum (IceCv)
  An electric eel (D:6)
  6 howler monkeys
  9 crimson imps
  5 centaur zombies
  A quasit (D:14)
  A draconian simulacrum (IceCv)
  3 bullfrog zombies
  17 jellies
  30 orc wizards
  21 orc priests
  5 centaur skeletons
  2 hounds
  A bullfrog skeleton (D:13)
  8 worker ants
  Natasha (thrice) (D:2)
  4 iguanas
  6 troll simulacra (IceCv)
  A spriggan simulacrum (IceCv)
  A killer bee zombie (D:9)
  4 centaur simulacra (IceCv)
  2 hound skeletons
  A howler monkey skeleton (D:4)
  16 adders
  A naga simulacrum (IceCv)
  4 shadow imps
  11 white imps
  5 ufetubi (IceCv)
  6 oozes
  An adder zombie (D:5)
  3 adder skeletons
  8 worms
  2 dart slugs
  3 leopard geckos
  122 orcs
  9 giant cockroaches
  5 goblins
  6 hobgoblins
  8 jackals
  5 quokkas
  A ball python (D:6)
  5 bats
  3 frilled lizards
  41 kobolds
  A leopard gecko zombie (D:6)
  A quokka skeleton (D:4)
  A quokka zombie (D:10)
  13 rats
  A fungus (Lair:5)
  9 plants
1028 creatures vanquished.

Vanquished Creatures (collateral kills)
  Aizul (Snake:1)
  A vault guard (D:13)
2 creatures vanquished.

Vanquished Creatures (others)
  2 orcs
  2 bushes (D:11)
  7 fungi
  19 plants
30 creatures vanquished.

Grand Total: 1060 creatures vanquished

Notes
Turn   | Place    | Note
-------+----------+-------------------------------------------
     0 | D:1      | CookieEater the Gargoyle Earth Elementalist began the quest
                  | for the Orb.
     0 | D:1      | Reached XP level 1. HP: 10/10 MP: 3/3
   156 | D:1      | Reached skill level 4 in Earth Magic
   156 | D:1      | Reached XP level 2. HP: 15/15 MP: 1/5
   964 | D:2      | Found a faded altar of an unknown god.
   980 | D:2      | Reached XP level 3. HP: 19/19 MP: 4/7
   985 | D:2      | Learned a level 3 spell: Stone Arrow
  1664 | D:2      | Noticed Natasha
  1670 | D:2      | Killed Natasha
  1670 | D:2      | Reached skill level 1 in Conjurations
  1670 | D:2      | Reached XP level 4. HP: 13/24 MP: 4/8
  1812 | D:2      | Noticed Natasha
  1865 | D:2      | Killed Natasha
  1969 | D:2      | Found an iron altar of Okawaru.
  2001 | D:2      | Noticed Natasha
  2005 | D:2      | Killed Natasha
  2005 | D:2      | Reached skill level 5 in Earth Magic
  2005 | D:2      | Reached XP level 5. HP: 15/28 MP: 5/10
  2152 | D:2      | Learned a level 5 spell: Lee's Rapid Deconstruction
  2926 | D:3      | Found a burning altar of Makhleb.
  3252 | D:3      | Reached XP level 6. HP: 32/32 MP: 4/11
  4642 | D:4      | Reached skill level 6 in Earth Magic
  4788 | D:5      | Entered Level 5 of the Dungeon
  4918 | D:5      | Noticed Edmund
  4943 | D:5      | Killed Edmund
  4943 | D:5      | Reached XP level 7. HP: 29/36 MP: 11/13
  5707 | D:5      | Reached skill level 7 in Earth Magic
  5790 | D:5      | Reached skill level 5 in Spellcasting
  5790 | D:5      | Reached skill level 5 in Conjurations
  5790 | D:5      | Reached XP level 8. HP: 41/41 MP: 0/15
  6645 | D:6      | Found a white marble altar of Elyvilon.
  7014 | D:6      | Reached skill level 8 in Earth Magic
  7040 | D:6      | Found a shattered altar of Ashenzari.
  7738 | D:7      | Reached XP level 9. HP: 43/45 MP: 18/18
  7845 | D:7      | Found Tas Cep's Weapon Boutique.
  7872 | D:7      | Got a pitted dagger
  7873 | D:7      | Identified the +10 dagger of Kusm {flame, rElec Str+2} (You
                  | found it on level 7 of the Dungeon)
  7876 | D:7      | Found a staircase to the Ecumenical Temple.
  7886 | Temple   | Entered the Ecumenical Temple
  7910 | Temple   | Became a worshipper of Vehumet
  7969 | D:7      | Found a blossoming altar of Fedhas.
  7971 | D:7      | Found a hazy altar of Hepliaklqana.
  8109 | D:7      | Found Heogait's Jewellery Shoppe.
  8336 | D:7      | Found an ornate altar of the Wu Jian Council.
  8338 | D:7      | Found a shimmering altar of Xom.
  8414 | D:7      | Found a sacrificial altar of Ru.
  8518 | D:8      | Reached skill level 1 in Fighting
  8557 | D:8      | Reached skill level 1 in Armour
  8578 | D:8      | Gained mutation: You are weak. (Str -2) [potion of
                  | mutation]
  8578 | D:8      | Gained mutation: You are robust. (+10% HP) [potion of
                  | mutation]
  8614 | D:8      | Lost mutation: You are weak. (Str -2) [potion of mutation]
  8614 | D:8      | Lost mutation: You are robust. (+10% HP) [potion of
                  | mutation]
  8614 | D:8      | Gained mutation: Your mind is acute. (Int +2) [potion of
                  | mutation]
  8614 | D:8      | Gained mutation: You have a pair of small antennae on your
                  | head. [potion of mutation]
  8614 | D:8      | Gained mutation: Your large and strong wings let you fly
                  | indefinitely. [potion of mutation]
  8662 | D:8      | Reached skill level 1 in Maces & Flails
  8662 | D:8      | Reached skill level 9 in Earth Magic
  8662 | D:8      | Reached skill level 1 in Evocations
  9124 | D:8      | Found a shadowy altar of Dithmenos.
  9125 | D:8      | Found a bloodstained altar of Trog.
  9468 | D:9      | Found a glowing golden altar of the Shining One.
  9500 | D:9      | Reached * piety under Vehumet
  9500 | D:9      | Offered knowledge of Flame Tongue by Vehumet.
  9523 | D:9      | Found a staircase to the Orcish Mines.
  9744 | D:9      | Noticed a troll
  9757 | D:9      | Killed a troll
  9757 | D:9      | Reached XP level 10. HP: 55/55 MP: 9/20
 10054 | D:9      | Offered knowledge of Sting by Vehumet.
 10077 | D:9      | Reached ** piety under Vehumet
 10596 | D:9      | Found a snail-covered altar of Cheibriados.
 10663 | D:10     | Entered Level 10 of the Dungeon
 11019 | D:10     | Noticed a gargoyle
 11029 | D:10     | Killed a gargoyle
 11038 | D:10     | Offered knowledge of Static Discharge by Vehumet.
 11043 | D:10     | Noticed a brown ugly thing
 11055 | D:10     | Killed a brown ugly thing
 11693 | D:10     | Reached *** piety under Vehumet
 11693 | D:10     | Reached skill level 10 in Earth Magic
 11911 | D:11     | Noticed a kobold demonologist
 11911 | D:11     | Noticed a kobold demonologist
 11923 | D:11     | Reached XP level 11. HP: 61/61 MP: 20/22
 11967 | D:11     | Noticed a sun demon
 11973 | D:11     | Noticed a sixfirhy
 12631 | D:11     | Offered knowledge of Olgreb's Toxic Radiance by Vehumet.
 12771 | D:11     | Reached skill level 5 in Armour
 12997 | D:11     | Noticed Maurice
 13010 | D:11     | Killed Maurice
 13010 | D:11     | Reached skill level 5 in Fighting
 13023 | D:11     | Reached **** piety under Vehumet
 13050 | D:11     | Offered knowledge of Iskenderun's Battlesphere by Vehumet.
 13191 | D:11     | Found a staircase to the Lair.
 13517 | D:11     | Noticed a five-headed hydra
 13528 | D:11     | Killed a five-headed hydra
 13793 | D:12     | Noticed a skeletal warrior
 13793 | D:12     | Noticed a skeletal warrior
 13793 | D:12     | Noticed a skeletal warrior
 13793 | D:12     | Noticed a skeletal warrior
 13796 | D:12     | Killed a skeletal warrior
 13796 | D:12     | Reached skill level 5 in Maces & Flails
 13796 | D:12     | Noticed a skeletal warrior
 14015 | D:11     | Killed a skeletal warrior
 14019 | D:11     | Killed a skeletal warrior
 14019 | D:11     | Reached XP level 12. HP: 69/69 MP: 7/24
 14047 | D:11     | Reached skill level 5 in Dodging
 14329 | D:12     | Noticed Urug
 14347 | D:12     | Killed Urug
 14347 | D:12     | Reached skill level 5 in Evocations
 14608 | D:12     | Found Ysyg's General Store.
 14615 | D:12     | Bought a scroll of identify for 26 gold pieces
 14741 | D:12     | Reached ***** piety under Vehumet
 14741 | D:12     | Offered knowledge of Fireball by Vehumet.
 14797 | D:12     | Learned a level 5 spell: Fireball
 14948 | D:12     | Noticed Nergalle
 14958 | D:12     | Killed Nergalle
 14958 | D:12     | Reached skill level 1 in Fire Magic
 14958 | D:12     | Reached skill level 11 in Earth Magic
 15065 | D:12     | Noticed a two-headed ogre
 15070 | D:12     | Killed a two-headed ogre
 15627 | D:13     | Noticed a tengu warrior
 15635 | D:13     | Killed a tengu warrior
 15789 | D:13     | Noticed an anaconda
 15794 | D:13     | Killed an anaconda
 16058 | D:13     | Identified the cursed +1 long sword "Bizywuci" {drain,
                  | +Inv}
 16150 | D:13     | Reached XP level 13. HP: 67/76 MP: 22/25
 16503 | D:13     | Reached skill level 10 in Conjurations
 16630 | D:13     | Found a large runed translucent door.
 16630 | D:13     | Found a large runed translucent door.
 16630 | D:13     | Noticed motoroller71's ghost (journeyman GnGl)
 16661 | D:13     | Reached skill level 5 in Fire Magic
 16677 | D:13     | Noticed a vault guard
 17063 | D:13     | Offered knowledge of Iskenderun's Mystic Blast by Vehumet.
 17125 | D:13     | Noticed a vault guard
 17141 | D:13     | Killed a vault guard
 17317 | D:13     | Noticed a vault guard
 17627 | D:13     | Killed a vault guard
 17758 | D:13     | Noticed a vault guard
 17759 | D:13     | Noticed a vault guard
 17771 | D:13     | Killed a vault guard
 17779 | D:13     | Killed a vault guard
 17936 | D:13     | Found a gate to the Vaults.
 17956 | D:13     | Killed a vault guard
 18442 | D:13     | Found a roughly hewn altar of Beogh.
 18558 | D:13     | Noticed a great orb of eyes
 18563 | D:13     | Killed a great orb of eyes
 18604 | D:13     | Reached skill level 12 in Earth Magic
 19033 | D:13     | Noticed an azure jelly
 19036 | D:13     | Noticed a minotaur
 19036 | D:13     | an azure jelly changed into a minotaur
 19041 | D:13     | Killed a minotaur
 19055 | D:13     | Mutation became permanent: Your large and strong wings let
                  | you fly indefinitely. [Gargoyle growth]
 19055 | D:13     | Gained mutation: Your large and strong wings let you fly
                  | indefinitely. [Gargoyle growth]
 19055 | D:13     | Reached XP level 14. HP: 84/84 MP: 9/27
 19457 | D:14     | Noticed Josephine
 19491 | D:14     | Killed Josephine
 20356 | D:14     | Noticed Roxanne
 20362 | D:14     | Killed Roxanne
 20712 | D:14     | Identified a scroll of acquirement
 21192 | D:13     | Identified the ring "Ekhleb" {Str+4 Stlth+}
 21239 | Lair:1   | Entered Level 1 of the Lair of Beasts
 22536 | Lair:2   | Offered knowledge of Bolt of Fire by Vehumet.
 22583 | Lair:2   | Learned a level 6 spell: Bolt of Fire
 22782 | Lair:2   | Reached skill level 10 in Spellcasting
 23103 | Lair:2   | Found a staircase to the Snake Pit.
 23542 | Lair:3   | Reached XP level 15. HP: 90/90 MP: 29/29
 24261 | Lair:3   | Found a staircase to the Swamp.
 24783 | Lair:4   | Reached skill level 13 in Earth Magic
 25048 | Lair:4   | Offered knowledge of Ozocubu's Refrigeration by Vehumet.
 27533 | Lair:5   | Found a staircase to the Slime Pits.
 27765 | Lair:5   | Found a runed translucent door.
 28175 | Lair:6   | Entered Level 6 of the Lair of Beasts
 28261 | Lair:6   | Reached skill level 10 in Fire Magic
 28454 | Lair:6   | Offered knowledge of Orb of Destruction by Vehumet.
 28463 | Lair:6   | Learned a level 7 spell: Orb of Destruction
 29449 | Lair:6   | Learned a level 2 spell: Passwall
 29764 | Lair:6   | Identified the +10 whip "Noiss" {elec, rElec rC++ rN+
                  | Dex-3} (You found it on level 6 of the Lair of Beasts)
 30593 | Lair:6   | Reached skill level 10 in Fighting
 31036 | Orc:1    | Entered Level 1 of the Orcish Mines
 31821 | Orc:1    | Reached XP level 16. HP: 69/97 MP: 30/30
 32418 | Orc:2    | Entered Level 2 of the Orcish Mines
 32438 | Orc:2    | Found Yzxi's Assorted Antiques.
 32443 | Orc:2    | Found Qosost's Jewellery Shop.
 32457 | Orc:2    | Found a runed translucent door.
 32479 | Orc:2    | Found the +10 large shield of Ignorance {rN+ Int-4}
 32527 | Orc:2    | Offered knowledge of Spellforged Servitor by Vehumet.
 32631 | Orc:2    | Found Saat's Book Emporium.
 32768 | Orc:2    | Found Tieladog's Jewellery Shop.
 32792 | Orc:2    | Bought the ring "Qeararowk" {EV+3 Int+3 Slay+3} for 562
                  | gold pieces
 32871 | Orc:2    | Found a runed translucent door.
 33035 | Orc:2    | Found a staircase to the Elven Halls.
 33209 | Orc:1    | Found Ynatweg's Jewellery Shoppe.
 33547 | D:15     | Entered Level 15 of the Dungeon
 33698 | D:15     | Offered knowledge of Poison Arrow by Vehumet.
 33997 | D:15     | Found Dopyvio's Assorted Antiques.
 34006 | D:15     | Bought a scroll of teleportation for 93 gold pieces
 34006 | D:15     | Bought a scroll labeled IDOR WOTAMYEP for 31 gold pieces
 34006 | D:15     | Bought a potion of invisibility for 248 gold pieces
 34222 | D:15     | Reached skill level 14 in Earth Magic
 34689 | D:15     | Found a staircase to the Depths.
 34884 | Elf:1    | Entered Level 1 of the Elven Halls
 35049 | Snake:1  | Entered Level 1 of the Snake Pit
 35077 | Snake:1  | Reached skill level 10 in Maces & Flails
 35658 | Snake:1  | Noticed Aizul
 35677 | Snake:1  | Killed Aizul
 36016 | Snake:1  | Noticed Louise
 36029 | Snake:1  | Killed Louise
 36209 | Snake:1  | Reached XP level 17. HP: 79/104 MP: 32/32
 36380 | Snake:1  | Noticed Donald
 36384 | Snake:1  | Killed Donald
 37198 | Snake:1  | Noticed Agnes
 37204 | Snake:1  | Killed Agnes
 37485 | Snake:1  | Found Zol Aged's Jewellery Shop.
 37485 | Snake:1  | Found Vaettykk's Gadget Shoppe.
 37486 | Snake:1  | Found Geosch's Jewellery Shop.
 37536 | Snake:2  | Found Iteserie's Food Shoppe.
 37587 | Snake:2  | Found a transporter.
 37595 | Snake:2  | Found a frozen archway.
 37598 | Snake:2  | Noticed Kirke
 37632 | IceCv    | Entered an ice cave
 38800 | IceCv    | Reached ****** piety under Vehumet
 38893 | IceCv    | Noticed an Ice Fiend
 38899 | IceCv    | Killed an Ice Fiend
 38899 | IceCv    | Offered knowledge of Lehudib's Crystal Spear by Vehumet.
 38899 | IceCv    | Offered knowledge of Shatter by Vehumet.
 38899 | IceCv    | Offered knowledge of Tornado by Vehumet.
 39586 | Snake:2  | Found a transporter.
 39589 | Snake:2  | Bought a ration for 55 gold pieces
 39589 | Snake:2  | Bought a ration for 55 gold pieces
 39589 | Snake:2  | Bought a ration for 55 gold pieces
 39589 | Snake:2  | Bought a ration for 55 gold pieces
 39589 | Snake:2  | Bought a ration for 55 gold pieces
 39589 | Snake:2  | Bought a ration for 55 gold pieces
 39589 | Snake:2  | Bought a ration for 55 gold pieces
 39589 | Snake:2  | Bought a ration for 55 gold pieces
 39589 | Snake:2  | Bought a ration for 55 gold pieces
 39589 | Snake:2  | Bought a ration for 55 gold pieces
 39589 | Snake:2  | Bought a ration for 55 gold pieces
 39589 | Snake:2  | Bought a ration for 55 gold pieces
 39589 | Snake:2  | Bought a ration for 55 gold pieces
 39589 | Snake:2  | Bought a ration for 55 gold pieces
 40451 | Snake:2  | Killed Kirke
 40816 | Snake:2  | Got a transparent lead ring
 40827 | Snake:2  | Got a warped glass ring
 40828 | Snake:2  | Identified the ring of the Snail {rPois rF+ rC- rCorr
                  | Str+9} (You found it on level 2 of the Snake Pit)
 40829 | Snake:2  | Identified the ring of Teikh {rPois rC+ Str+2} (You found
                  | it on level 2 of the Snake Pit)
 41051 | Swamp:1  | Entered Level 1 of the Swamp
 41064 | Swamp:1  | Slain by an alligator

Levels and vault maps discovered:
D:1:      dpeg_arrival_arbitrary_c, layout_loops_ring
D:2:      layout_rooms, okawaru_metal_pillars_1_2,
          chequers_ecumenical_altar_simple_redux, st_stairs_12,
          minmay_misc_feat_four_crosses, minmay_joined_circles, uniq_natasha
D:3:      layout_loops_ring, overflow_temple_1_default, serial_glass,
          glass_columns_a, glass_columns_a, first_ration
D:4:      layout_loops_corners
D:5:      layout_layer_cave, uniq_edmund
D:6:      layout_basic, marbit_many_paths, overflow_temple_1_default,
          lightli_minifort
D:7:      layout_loops_ring, nicolae_ru_the_path_less_chosen,
          nicolae_overflow_hidden_temple, minmay_temple_entry_arrows,
          serial_shops, nicolae_shop_waterfront, shop
D:8:      layout_basic, gammafunk_temple_overflow_pools
D:9:      layout_roguey, cheibrodos_worm_habitat, tso_metal_star,
          hiddenorc2_lemuel
D:10:     layout_basic
D:11:     layout_roguey, minmay_lair_entry_grove, serial_glass, glass_columns_c,
          glass_columns_a, minmay_misc_feat_plants,
          hangedman_little_slice_of_home, uniq_maurice
D:12:     layout_stronghold, serial_shops, shop_statue, uniq_urug, uniq_nergalle
D:13:     minmay_the_grid_square_5x5_4x4 [minmay_the_grid_square_5x5_z,
          minmay_the_grid_square_5x5_three, minmay_the_grid_square_5x5_inset,
          minmay_the_grid_square_5x5_spiral, minmay_the_grid_square_5x5_shrine2,
          minmay_the_grid_square_5x5_prize_gold,
          minmay_the_grid_square_5x5_prize_monsterx,
          minmay_the_grid_square_5x5_three_small,
          minmay_the_grid_square_5x5_spiral_small,
          minmay_the_grid_square_5x5_prize_deathbox,
          minmay_the_grid_square_5x5_prize_waves,
          minmay_the_grid_square_5x5_fat_x, minmay_the_grid_square_5x5_lines,
          minmay_the_grid_square_5x5_pentomino_r,
          minmay_the_grid_square_5x5_sharp_hourglass,
          minmay_the_grid_square_5x5_intrusive_squares], layout_basic,
          grunt_vaults_entry_fortified, ebering_ghost_disaster_area,
          special_room [special_room_orc]
D:14:     layout_gridville, uniq_josephine, uniq_roxanne
D:15:     grunt_enter_depths_magical_seal, layout_cave_pools, serial_shops, shop
Temple:   corrupted_temple
Lair:1:   layout_chaotic_city, minmay_lair_oklob_chamber
Lair:2:   layout_regular_city, guppyfry_snake_entry_garden, serial_rivers,
          chequers_serial_rivers_small_3, chequers_serial_rivers_micro_e,
          chequers_serial_rivers_micro_a, chequers_serial_rivers_room_a,
          chequers_serial_rivers_micro_b
Lair:3:   layout_layer_cave, minmay_swamp_entry_reptiles,
          cheibrodos_lair_reptile_den
Lair:4:   layout_loops_ring, bobbens_ice_dragon_lair,
          infiniplex_staircase_pool_2
Lair:5:   layout_regular_city, minmay_slime_entry_jelly_boxes, pf_torpor_hydra,
          grunt_megastairs_2
Lair:6:   due_jungle_book, layout_regular_city
Swamp:1:  layout_basic_swamp, evilmike_swamp_ruin_rubble_2
Snake:1:  layout_onion, minmay_shop_grove, uniq_agnes, uniq_louise, uniq_donald,
          uniq_aizul
Snake:2:  gammafunk_its_a_trap, layout_cave_town,
          portal_ice_cave_entry_ice_statue_two, serial_shops, shop, uniq_kirke
Snake:3:  layout_grid_maze, special_room, serial_bayou_shore_b, minmay_shoptagon
Orc:1:    layout_caves, minmay_shop_enchanted_jewellery
Orc:2:    st_orc_open, layout_caves, chequers_guarded_unrand_ignorance
Elf:1:    layout_geoelf_grid, serial_shops, shop, hangedman_elf_represent,
          drop_trap, st_stairs_10, serial_sigils_hangedman_snap

Skill      XL: |  1  2  3  4  5  6  7  8  9 10 11 12 13 14 15 16 17 |
---------------+----------------------------------------------------+-----
Earth Magic    | 4 5 6 7 8 9 10 11 12 13 14 | 14.6
Spellcasting   | 3 4 5 6 7 8 9 10 11 | 11.5
Conjurations   | 1 2 3 5 6 7 8 9 10 11 12 13 | 13.1
Fighting       | 2 4 5 6 8 9 10 11 | 11.3
Armour         | 2 4 5 6 |  6.0
Maces & Flails | 2 3 5 6 7 8 9 10 | 10.6
Dodging        | 2 4 5 6 7 8 9 |  9.3
Evocations     | 2 3 4 5 6 |  6.0
Fire Magic     | 3 6 8 10 11 12 | 12.8
Stealth        | |  2.1
Transmutations | |  0.7

Action                   |  1- 3 |  4- 6 |  7- 9 | 10-12 | 13-15 | 16-18 || total
-------------------------+-------+-------+-------+-------+-------+-------++-------
Melee: Unarmed           |     5 |       |       |       |       |       ||     5
       Dagger            |    75 |   115 |   128 |   313 |   704 |       ||  1335
       Trident           |       |    14 |   207 |       |       |       ||   221
       Flail             |       |       |    25 |       |       |       ||    25
       Whip              |       |       |       |       |    81 |   434 ||   515
       Morningstar       |       |       |       |       |       |    78 ||    78
 Cast: Sandblast         |    23 |    27 |    33 |    77 |   281 |    40 ||   481
       Stone Arrow       |       |    21 |     2 |    13 |    42 |     2 ||    80
       Lee's Rapid Decon |       |       |    11 |    76 |   132 |    66 ||   285
       Fireball          |       |       |       |       |    30 |    11 ||    41
       Bolt of Fire      |       |       |       |       |    47 |    96 ||   143
       Orb of Destructio |       |       |       |       |       |     9 ||     9
 Abil: Fly               |       |       |     1 |       |       |       ||     1
Evoke: Wand              |       |     3 |     3 |     9 |    29 |       ||    44
       Phial of floods   |       |       |       |       |     2 |     1 ||     3
  Use: Scroll            |     7 |     6 |     8 |    11 |    18 |    13 ||    63
       Potion            |       |       |     3 |       |     5 |     5 ||    13
 Stab: Sleeping          |     5 |     3 |     3 |     2 |     4 |     1 ||    18
       Paralysed         |       |       |     4 |       |       |       ||     4
       Confused          |       |       |       |       |     1 |       ||     1
  Eat: Chunk             |     3 |     7 |    17 |    20 |    59 |    23 ||   129
       Ration            |       |     1 |     1 |     6 |    10 |    12 ||    30
Armor: Robe              |    33 |    48 |   177 |   176 |   462 |   281 ||  1177
Dodge: Dodged            |    58 |    73 |   241 |   241 |   736 |   519 ||  1868

Table legend:
 A = Non-vault XP
 B = Vault XP
 C = Vault XP percentage of total XP
 D = Non-vault monster count
 E = Vault monster count
 F = Vault count percentage of total count
                 A         B        C        D         E       F
            +---------+---------+-------+---------+---------+-------
      Total |  135648 |   91979 |  40.4 |     688 |     332 |  32.5
            +---------+---------+-------+---------+---------+-------
        D:1 |      30 |       0 |   0.0 |      19 |       0 |   0.0
        D:2 |     126 |     126 |  50.0 |      20 |      15 |  42.9
        D:3 |      79 |       0 |   0.0 |      13 |       0 |   0.0
        D:4 |     146 |       0 |   0.0 |       9 |       0 |   0.0
        D:5 |     711 |     171 |  19.4 |      24 |       1 |   4.0
        D:6 |     679 |     219 |  24.4 |      18 |       5 |  21.7
        D:7 |     513 |       0 |   0.0 |      11 |       0 |   0.0
        D:8 |     705 |       0 |   0.0 |      17 |       0 |   0.0
        D:9 |    2439 |     737 |  23.2 |      44 |      33 |  42.9
       D:10 |    3205 |       0 |   0.0 |      28 |       0 |   0.0
       D:11 |    6654 |    2878 |  30.2 |      42 |      23 |  35.4
       D:12 |    5616 |    1655 |  22.8 |      23 |       2 |   8.0
       D:13 |    5866 |   23455 |  80.0 |      28 |      78 |  73.6
       D:14 |   13026 |    3849 |  22.8 |      53 |       6 |  10.2
       D:15 |   10899 |    7041 |  39.2 |      48 |      12 |  20.0
     Lair:1 |    3204 |    2680 |  45.5 |      13 |       6 |  31.6
     Lair:2 |    5691 |     335 |   5.6 |      25 |       2 |   7.4
     Lair:3 |    4994 |     841 |  14.4 |      26 |      11 |  29.7
     Lair:4 |   12125 |    1134 |   8.6 |      38 |       5 |  11.6
     Lair:5 |    6577 |    2059 |  23.8 |      23 |      16 |  41.0
     Lair:6 |   11281 |    2762 |  19.7 |      23 |       5 |  17.9
    Snake:1 |   17587 |    7278 |  29.3 |      35 |       4 |  10.3
    Snake:2 |   15081 |    8594 |  36.3 |      29 |      13 |  31.0
      Orc:1 |    4037 |       0 |   0.0 |      31 |       0 |   0.0
      Orc:2 |    4377 |   15803 |  78.3 |      48 |      37 |  43.5
      IceCv |       0 |   10362 | 100.0 |       0 |      58 | 100.0
            +---------+---------+-------+---------+---------+-------
